 Dungeon Crawl Stone Soup version 0.29.1-15-g9cfb28693d (webtiles) character file.

Game seed: 10442439811888281399

5 BiteMe the Firebug (level 1, -1/13 HPs)
             Began as a Demonspawn Fire Elementalist on Mar 11, 2023.
             Slain by a goblin
             ... wielding a +0 club
              (3 damage)
             ... on level 1 of the Dungeon.
             The game lasted 00:02:17 (163 turns).

BiteMe the Firebug (Demonspawn Fire Elementalist)    Turns: 163, Time: 00:02:17

Health: -1/13      AC:  2    Str:  8    XL:     1   Next: 66%
Magic:  1/3        EV: 12    Int: 16    God:
Gold:   0          SH:  0    Dex: 13    Spells: 3/4 levels left

rFire   . . .      SeeInvis .   d - +0 hand axe
rCold   . . .      Faith    .   (no shield)
rNeg    . . .      Spirit   .   a - +0 robe
rPois   .          Reflect  .   (no helmet)
rElec   .          Harm     .   (no cloak)
rCorr   .          Rampage  .   (no gloves)
Will    .....                   (no boots)
Stlth   ++........              (no amulet)
HPRegen 0.04/turn               (no ring)
MPRegen 0.08/turn               (no ring)

@: no status effects
A: no striking features
a: no special abilities


You were on level 1 of the Dungeon.
You visited 1 branch of the dungeon, and saw 1 of its levels.

Inventory:

Hand Weapons
 d - a +0 hand axe (weapon)
Armour
 a - a +0 robe (worn)
Scrolls
 c - a scroll of noise {unknown}
Potions
 e - a potion of mutation {unknown}


   Skills:
 - Level 1.7 Dodging
 - Level 1.7 Stealth
 - Level 2.0 Spellcasting
 * Level 1.2 Conjurations
 + Level 3.0 Fire Magic


You had 3 spell levels left.
You knew the following spells:

 Your Spells              Type           Power      Damage    Failure   Level
a - Foxfire               Conj/Fire      32%        2x1d5     9%          1

Your spell library contained the following spells:

 Spells                   Type           Power      Damage    Failure   Level
 Scorch                   Fire           22%        2d6       9%          2
 Conjure Flame            Conj/Fire      8%         6-21      26%         3
 Inner Flame              Hex/Fire       6%         N/A       32%         3
 Flame Wave               Conj/Fire      8%         2d5       65%         4


Dungeon Overview and Level Annotations

Branches:
Dungeon (1/15)

Altars:


Message History

Press: ? - help, Q - select action Dir - look around, f - activate You conjure some foxfire!
The foxfire hits the hobgoblin.
The hobgoblin is moderately wounded.
Your foxfire dissipates!
The goblin shouts!
You hear an angry hiss.
The endoplasm closely misses you.
Found an inky potion.
Casting: Foxfire (safe; 9% risk of failure)
Press: ? - help, Q - select action Dir - look around, f - activate You conjure some foxfire!
The foxfire hits the kobold.
You kill the kobold!
The hobgoblin misses you. The endoplasm freezes you.
You are frozen.
Your Fire Magic skill increases to level 3!
The foxfire hits the endoplasm.
The endoplasm is severely wounded.
Casting: Foxfire (safe; 9% risk of failure)
Press: ? - help, Q - select action Dir - look around, f - activate You conjure some foxfire!
The goblin hits you with a +0 club.
The foxfire hits the hobgoblin.
The hobgoblin is severely wounded.
Your foxfire dissipates!
The goblin attacks as you move away! The goblin barely misses you.
The goblin attacks as you move away! The goblin hits you but does no damage.
A bat comes into view.
Found a stone staircase leading down.
The goblin attacks as you move away! The goblin barely misses you.
The bat closely misses you. The goblin hits you but does no damage.
You completely miss the bat. You hit the goblin. The bat hits you. x2
* * * LOW HITPOINT WARNING * * *
The bat attacks as you move away! The bat barely misses you.
The hobgoblin attacks as you move away! The hobgoblin closely misses you.
The bat hits you.
* * * LOW HITPOINT WARNING * * *
The bat barely misses you. The goblin hits you but does no damage.
The goblin attacks as you move away! The goblin hits you with a +0 club.
You die...

###### ########
##....##### #.......
#.........#####.......
#........... ........$
#....>....# #.......
#.........# #...g...
#.........# #.......
##....@....# ####.###
#...b.gg...# #.......
#.....g.#### #.))....
#......g########.......
#..........gJg..$......
#.......######.)..##...
#.......# #....# ...
#.......# .....# ...
#.......# ......# .:.


You could see 3 hobgoblins, a goblin and a bat.

Vanquished Creatures
  A giant cockroach (D:1)
  2 goblins (D:1)
  A ball python (D:1)
  A kobold (D:1)
5 creatures vanquished.

Vanquished Creatures (others)
  11 foxfires (D:1)
11 creatures vanquished.

Grand Total: 16 creatures vanquished

Notes
Turn   | Place    | Note
-------+----------+-------------------------------------------
     0 | D:1      | BiteMe the Demonspawn Fire Elementalist began the quest for
                  | the Orb.
     0 | D:1      | Reached XP level 1. HP: 13/13 MP: 3/3
   149 | D:1      | Reached skill level 3 in Fire Magic
   163 | D:1      | Slain by a goblin

Illustrated notes

Levels and vault maps discovered:
D:1:      erik_arrival_orb_chamber, layout_basic, serial_shops, shop

Skill      XL: |  1 |
---------------+----+-----
Fire Magic     | 3 |  3.0
Dodging        | |  1.7
Stealth        | |  1.7
Spellcasting   | |  2.0
Conjurations   | |  1.2

Action                   || total
-------------------------++-------
Melee: Hand axe          ||     1
 Cast: Foxfire           ||    10
  Use: Potion            ||     1
Armor: Robe              ||     4
Dodge: Dodged            ||    15
